 Dungeon Sprint DCSS version 0.31-a0-557-g6e16503903 (webtiles) character file.

Game seed: 8497357033512329786

1578 Midn8 the Brawler (level 8, 0/93 HPs)
             Began as a Troll Berserker on Aug 17, 2023.
             Was a High Priest of Trog.
             Slain by a tentacle (18 damage)
             ... attached to a kraken
             ... in the Dungeon (Sprint II: "The Violet Keep of Menkaure").
             The game lasted 00:03:19 (259 turns).

Midn8 the Brawler (Troll Berserker)                  Turns: 259, Time: 00:03:20

Health: 0/93       AC:  4    Str: 26    XL:     8   Next: 60%
Magic:  7/7        EV: 10    Int:  3    God:    Trog [*****.]
Gold:   112        SH:  0    Dex: 13    Spells: 7/7 levels left

rFire   . .          .
                       - Unarmed
rCold   . . .        (no shield)
rNeg    . . .        a - +0 animal skin
rPois   +            (helmet restricted)
rElec   .            (no cloak)
rCorr   .            (gloves unavailable)
SInv    .            (boots unavailable)
Will    +....        h - amulet "Dopoul Osso" {Fly rPois Regen+ Int-2 Dex+4}
Stlth   +            (no ring)
HPRegen 1.95/turn    (no ring)
MPRegen 0.10/turn

%: no teleportation
@: flying
A: large, unfitting armour, claws 3, regeneration 1, shaggy fur 1, tough skin 1,
strong-willed 1
a: Renounce Religion, Berserk, Trog's Hand, Brothers in Arms


You were in the Dungeon.
You worshipped Trog.
Trog was extremely pleased with you.
You visited 1 branch You collected 729 gold pieces.
You spent 617 gold pieces at shops.

Inventory:

Armour
 a - a +0 animal skin (worn)
Jewellery
 h - the amulet "Dopoul Osso" (around neck) {Fly rPois Regen+ Int-2 Dex+4}
   (You bought it in a shop in the Dungeon)

   [amulet of regeneration]

   Int-2:     It affects your intelligence (-2).
   Dex+4:     It affects your dexterity (+4).
   rPois:     It protects you from poison Fly: It grants you flight.
   Regen+:    It increases your rate of health regeneration.
Scrolls
 g - a scroll of blinking
Potions
 b - a potion of curing
 c - a potion of heal wounds
 d - a potion of haste
 e - 2 potions of magic
 f - a potion of berserk rage


   Skills:
 + Level 9.8 Fighting
 + Level 3.1 Dodging
 * Level 15.6 Unarmed Combat


You had 7 spell levels left.
You didn't know any spells.
Your spell library was empty.

Dungeon Overview and Level Annotations

Branches:
Dungeon (1/1)

Altars:
Cheibriados
Dithmenos
Elyvilon
Fedhas
Gozag
Kikubaaqudgha
Makhleb
Nemelex Xobeh
Okawaru
Ru
Sif Muna
Trog
Uskayaw
Vehumet
Xom
Yredelemnul
Zin
Jiyva
Lugonu

Shops:
D =::!**[!?(?[?[=

Annotations:
D exclusions: obsidian statue, oklob plant and orange crystal statue


Innate Abilities, Weirdness & Mutations

You are too large for most types of armour.
You have claws for hands.
Your natural rate of healing is unusually fast.
You are covered in fur. (AC +1)
You have tough skin. (AC +1)
You are strong-willed. (Will+)


Message History

The water moccasin hisses angrily.
You see here a water moccasin corpse.
You see here a +2 great sword.
You scratch the water moccasin but do no damage.
The water moccasin closely misses you.
You mangle the water moccasin!!
The water moccasin is severely wounded.
The water moccasin bites you.
You mangle the water moccasin!!
You kill the water moccasin!
Trog accepts your kill.
Your Dodging skill increases to level 3!
You see here a +2 great sword.
You see here a water moccasin corpse.
You reach down and close the door.
Tentacles burst out of the water!
A tentacle comes into view.
You barely miss the tentacle. The tentacle slaps you.
You closely miss the tentacle. The tentacle completely misses you.
You barely miss the tentacle. You claw the tentacle!
The tentacle is moderately wounded.
The tentacle slaps you!!
You eviscerate the tentacle!!!
You kill the tentacle!
A tentacle rises from the water!
You see here a water moccasin corpse.
The tentacle slaps you. The tentacle slaps you!!
You mangle the tentacle!!
You claw the tentacle, but do no damage.
The tentacle is severely wounded.
The tentacle slaps you!
You claw the tentacle!
The tentacle is almost dead.
The walls and floor vibrate strangely for a moment.
The tentacle slaps you!!
* * * LOW HITPOINT WARNING * * *
You eviscerate the tentacle!!!
You kill the tentacle!
The tentacle slaps you!!
You die...

## +^### |▓!(![))(?▓▓ ..#
...# #▓[(!?!)=!▓▓ ..##
#..# #▓?:?[((?$▓▓ #..#
+..# #▓$?[?=(?=▓▓ #..#
#.^# #▓$($)$$[$▓▓
'..####..####▓$$?[$$(?▓▓
#....###...##▓▓▓▓▓▓▓+▓▓▓▓+
#......~~~~~~~~~@w~~──wXw≈
~~.....~#+########+###V≈≈≈
§~~~~..~#_._.....#§§~# ≈
§~~~~~§§#._._....#~§≈§#
§§≈~~~§§#_._._...#§§~§≈#
§≈§≈≈~~~#._._._..#~~§§§≈#
§§≈≈≈≈≈~#_._._._.#~~~~~§+
§≈§###≈≈#._._._._#~~§§≈~
#≈≈# #≈≈#.._._.


You could see a kraken and 2 tentacles.

Vanquished Creatures
  4 neqoxecs (D)
  Menkaure (D)
  5 water moccasins (D)
  4 necrophages (D)
  4 scorpions (D)
  3 worms (D)
  2 tentacles (D)
23 creatures vanquished.

Vanquished Creatures (others)
  4 tentacles (D)
4 creatures vanquished.

Grand Total: 27 creatures vanquished

Notes
Turn   | Place    | Note
-------+----------+-------------------------------------------
     0 | D        | Midn8 the Troll Berserker began the quest for the Orb.
     0 | D        | Reached XP level 1. HP: 22/22 MP: 0/0
     1 | D        | Noticed a scorpion
     1 | D        | Noticed a scorpion
     1 | D        | Noticed a scorpion
     1 | D        | Noticed a scorpion
     6 | D        | Killed a scorpion
     7 | D        | Reached skill level 6 in Unarmed Combat
     7 | D        | Reached XP level 2. HP: 33/33 MP: 1/1
     7 | D        | Reached XP level 3. HP: 40/40 MP: 2/2
    12 | D        | Killed a scorpion
    13 | D        | Reached skill level 5 in Fighting
    13 | D        | Reached skill level 8 in Unarmed Combat
    13 | D        | Reached XP level 4. HP: 50/50 MP: 3/3
    13 | D        | Killed a scorpion
    13 | D        | Reached ** piety under Trog
    14 | D        | Reached skill level 9 in Unarmed Combat
    14 | D        | Reached XP level 5. HP: 59/59 MP: 4/4
    18 | D        | Reached skill level 10 in Unarmed Combat
    34 | D        | Reached XP level 6. HP: 63/68 MP: 5/5
    37 | D        | Reached skill level 11 in Unarmed Combat
    44 | D        | Reached *** piety under Trog
    45 | D        | Reached skill level 12 in Unarmed Combat
    67 | D        | Noticed a neqoxec
    67 | D        | Noticed a neqoxec
    70 | D        | Noticed a neqoxec
    74 | D        | Killed a neqoxec
    75 | D        | Reached skill level 13 in Unarmed Combat
    75 | D        | Reached XP level 7. HP: 80/80 MP: 6/6
    78 | D        | Killed a neqoxec
    78 | D        | Reached **** piety under Trog
    78 | D        | Gained mutation: You are strong-willed. (Will+) [a neqoxec]
    82 | D        | Killed a neqoxec
    83 | D        | Reached skill level 14 in Unarmed Combat
    84 | D        | Noticed a neqoxec
    84 | D        | Noticed Menkaure
    86 | D        | Killed a neqoxec
    87 | D        | Reached XP level 8. HP: 92/92 MP: 7/7
    96 | D        | Killed Menkaure
   140 | D        | Reached ***** piety under Trog
   145 | D        | Noticed an orange crystal statue
   156 | D        | Found Xegal's Antique Armour Shoppe.
   156 | D        | Found Zidwaut's Jewellery Emporium.
   157 | D        | Found Tauxt's Antique Armour Emporium.
   157 | D        | Found Veryrri's Magic Scroll Shoppe.
   158 | D        | Found Uclishryf's Antique Weapon Shoppe.
   158 | D        | Found Jexitoent's Magic Scroll Emporium.
   159 | D        | Found Dofac's Magic Scroll Shoppe.
   160 | D        | Found Rokhiekh's Antique Armour Emporium.
   160 | D        | Found Qaupn's Distillery.
   161 | D        | Found Pelal's General Store.
   161 | D        | Found Tumineus's Assorted Antiques.
   165 | D        | Found Qiggut's Distillery.
   165 | D        | Found Noiseoh's Book Emporium.
   165 | D        | Noticed an oklob plant
   166 | D        | Found Vatolaox's Jewellery Shoppe.
   166 | D        | Found Mugiocai's Book Shoppe.
   167 | D        | Noticed an iron elemental
   182 | D        | Bought the amulet "Dopoul Osso" {Fly rPois Regen+ Int-2
                  | Dex+4} for 617 gold pieces
   208 | D        | Noticed an obsidian statue
   215 | D        | Reached skill level 15 in Unarmed Combat
   217 | D        | Found an iron altar of Okawaru.
   217 | D        | Found a radiant altar of Vehumet.
   217 | D        | Found a glowing silver altar of Zin.
   218 | D        | Found a sparkling altar of Nemelex Xobeh.
   218 | D        | Found a hide-covered altar of Uskayaw.
   218 | D        | Found a basalt altar of Yredelemnul.
   219 | D        | Found an opulent altar of Gozag.
   219 | D        | Found a burning altar of Makhleb.
   219 | D        | Found a bloodstained altar of Trog.
   220 | D        | Found a blossoming altar of Fedhas.
   220 | D        | Found a corrupted altar of Lugonu.
   220 | D        | Found a shimmering blue altar of Sif Muna.
   220 | D        | Found a shimmering altar of Xom.
   221 | D        | Found a white marble altar of Elyvilon.
   221 | D        | Found an ancient bone altar of Kikubaaqudgha.
   222 | D        | Found a shadowy altar of Dithmenos.
   222 | D        | Found a viscous altar of Jiyva.
   222 | D        | Found a sacrificial altar of Ru.
   223 | D        | Found a snail-covered altar of Cheibriados.
   232 | D        | Noticed a kraken
   237 | D        | Received a gift from Trog
   259 | D        | Slain by a tentacle

Illustrated notes

Levels and vault maps discovered:
D:        the_violet_keep_of_menkaure [sprint2_stairs_cluster_1,
          sprint2_shoproom, sprint2_temple, sprint2_basic_supplies,
          sprint2_obstacle_3, sprint2_obstacle_6, sprint2_obstacle_4,
          sprint2_obstacle_5, sprint2_obstacle_1, sprint2_timed_cluster_1,
          sprint2_smallroom_cluster_1, sprint2_smallroom_final_cluster_1,
          sprint2_transparent_cluster_1, sprint2_second_timed_cluster_1,
          sprint2_sniper_area_1, sprint2_heavy_combat_area_1,
          sprint2_mutation_trap_area_1, sprint2_forest_area_1,
          sprint2_light_combat_area_1, sprint2_behind_water_1,
          sprint2_near_end_vault_1]

Skill      XL: |  1  2  3  4  5  6  7  8 |
---------------+-------------------------+-----
Fighting       | 4 5 6 8 9 |  9.8
Unarmed Combat | 6 8 9 10 13 14 15 | 15.6
Dodging        | 3 |  3.1

Action                     |  1- 3 |  4- 6 |  7- 9 || total
---------------------------+-------+-------+-------++-------
  Melee: Unarmed           |    10 |    30 |    34 ||    74
         Punch             |       |     1 |     4 ||     5
 Invoke: Berserk           |     1 |     1 |       ||     2
 Armour: Animal skin       |       |     2 |     3 ||     5
  Dodge: Dodged            |     5 |    12 |     6 ||    23

Table legend: (Time is in decaauts)
 A = Elapsed time spent in this place.
 B = Non-inter-level travel time spent in this place.
 C = Inter-level travel time spent in this place.
 D = Time resting spent in this place.
 E = Time spent auto-exploring this place.
 F = Levels seen in this place.
 G = Mean time per level.
                   A        B        C        D        E       F      G
               +--------+--------+--------+--------+--------+-----+--------+
         Total |    259 |    259 |      0 |     58 |      0 |   1 |  259.0 |
       Dungeon |    259 |    259 |      0 |     58 |      0 |   1 |  259.0 |
               +--------+--------+--------+--------+--------+-----+--------+

Top non-repeatable levels by time:
       D: 259 daAuts
